 Dungeon Crawl Stone Soup version 0.17-a0-1830-g81820eb (webtiles) character file.

183 TruthSerum the Skirmisher (level 5, 0/50 HPs)
             Began as a Hill Orc Fighter on Sept 13, 2015.
             Succumbed to kobold's curare-tipped needle
             ... on level 3 of the Dungeon on Sept 14, 2015.
             The game lasted 00:13:55 (2263 turns).

TruthSerum the Skirmisher (Hill Orc Fighter)        Turns: 2263, Time: 00:13:56

Health: 0/50       AC:  7    Str: 19    XL:     5   Next: 62%
Magic:  1/5        EV:  7    Int:  8    God:
Gold:   100        SH:  9    Dex: 11    Spells: 0 memorised, 4 levels left

rFire  + . .     SeeInvis .     a - +0 long sword
rCold  x . .     Clarity  .     b - +1 scale mail
rNeg   . . .     SustAt   .     c - +0 shield
rPois  .         Gourm    .     (no helmet)
rElec  .         Spirit   +     (no cloak)
rCorr  .         Warding  .     (no gloves)
rMut   .         Stasis   .     (no boots)
MR     .....                    j - amulet of guardian spirit
Stlth  ..........               (no ring)
                                i - ring of fire

@: lethally poisoned (0 -> -22), flying, slowed, very slow, not resistant to
hostile enchantments, extremely unstealthy
A: no striking features
a: no special abilities


You were on level 3 of the Dungeon.
You were not hungry.

You visited 1 branch of the dungeon, and saw 3 of its levels.

You collected 100 gold pieces.

Inventory:

Hand weapons
 a - a +0 long sword (weapon)
Armour
 b - a +1 scale mail (worn)
 c - a +0 shield (worn)
Jewellery
 i - a ring of fire (left hand)
 j - an amulet of guardian spirit (around neck)
Scrolls
 n - a scroll of identify
Potions
 d - a potion of might
 g - 2 potions of agility
Comestibles
 e - 3 bread rations
 f - 6 chunks of flesh
 k - a slice of pizza
 l - 2 meat rations


   Skills:
 + Level 5.7 Fighting
 + Level 4.6 Long Blades
 - Level 3.2 Armour
 - Level 3.2 Shields


You had 4 spell levels left.
You didn't know any spells.

Dungeon Overview and Level Annotations

Branches:
Dungeon (3/15)

Altars:
Gozag
Nemelex Xobeh
Ru


Message History

Your shield and scale mail prevent you from hitting the kobold.
* * * LOW HITPOINT WARNING * * *
You feel very sick. You block the kobold's attack.
The kobold hits you but does no damage.
You hit the kobold but do no damage.
* * * LOW HITPOINT WARNING * * *
You feel very sick.
The kobold unwields an uncursed blowgun.
The kobold wields an uncursed short sword.
The kobold hits you but does no damage. You block the kobold's attack.
The kobold barely misses you. The kobold hits you but does no damage.
You closely miss the kobold.
* * * LOW HITPOINT WARNING * * *
You feel very sick. You block the kobold's attack. x2
The kobold hits you with a whip.
* * * LOW HITPOINT WARNING * * *
Unknown command.
Your shield prevents you from hitting the kobold.
You die...

## ..# #.# ######.# #..
...#
##.####.################
..............((.K......
.....>.......(..@K......
......#.##########......
................. #####
......>..##......
###......##......
#...#..........
#..............
###......#.######
........####


You could see 2 kobolds.

Vanquished Creatures
  Jessica (D:2)
  Terence (D:2)
  Natasha (twice) (D:2)
  2 adders (D:2)
  2 oozes
  3 worms (D:2)
  4 ball pythons
  8 giant cockroaches
  9 goblins
  A hobgoblin (D:2)
  6 jackals
  5 kobolds
  4 bats
  2 giant geckos (D:1)
  8 giant newts
  A quokka (D:2)
  7 rats
66 creatures vanquished.

Notes
Turn   | Place    | Note
--------------------------------------------------------------
     0 | D:1      | TruthSerum the Hill Orc Fighter began the quest for the Orb.
     0 | D:1      | Reached XP level 1. HP: 19/19 MP: 1/1
   229 | D:1      | Reached XP level 2. HP: 16/27 MP: 2/2
   233 | D:1      | Reached skill level 4 in Fighting
   677 | D:1      | Reached XP level 3. HP: 25/34 MP: 1/3
  1215 | D:2      | Noticed Terence
  1234 | D:2      | Killed Terence
  1234 | D:2      | Reached skill level 5 in Fighting
  1234 | D:2      | Reached XP level 4. HP: 10/42 MP: 1/4
  1521 | D:2      | Noticed Jessica
  1534 | D:2      | Killed Jessica
  1580 | D:2      | Noticed Natasha
  1596 | D:2      | Killed Natasha
  1596 | D:2      | Reached XP level 5. HP: 18/48 MP: 2/5
  1768 | D:2      | Found a sparkling altar of Nemelex Xobeh.
  1779 | D:2      | Noticed Natasha
  1783 | D:2      | Killed Natasha
  2071 | D:2      | Found a sacrificial altar of Ru.
  2072 | D:2      | Found an opulent altar of Gozag.
  2120 | D:2      | Found a sacrificial altar of Ru.
  2263 | D:3      | Succumbed to kobold's curare-tipped needle

Vault maps used:
D:1:      erik_arrival_cave_to_civilisation
D:2:      amethyst_overflow_temple_binary, overflow_temple_1_default,
          first_bread, nicolae_ru_the_path_less_chosen, uniq_terence,
          uniq_jessica, uniq_natasha
D:3:      forest_paths, tso_metal_star

Action                   |  1- 3 |  4- 6 || total
-------------------------+-------+-------++-------
Melee: Long sword        |   145 |    97 ||   242
  Use: Scroll            |     6 |     4 ||    10
       Potion            |       |     3 ||     3
  Eat: Chunk             |     1 |     4 ||     5
